[Event "Titled Tuesday Blitz February 15 Late 2022"]
[White "Sjugirov, Sanan"]
[Black "Riehle, Marco"]
[WhiteFideId "4189302"]
[BlackFideId "12904392"]
[WhiteElo "2602"]
[BlackElo "2462"]
[Result "1/2-1/2"]
[Round "02"]
[TimeControl "180+1"]
[Date "2022.02.15"]
[WhiteClock "0:00:05"]
[BlackClock "0:00:13"]

1. e4 e5 2. Nf3 Nf6 3. Nxe5 Nxe4 4. Qe2 Qe7 5. Qxe4 d6 6. d4 dxe5 7. dxe5 Nc6 8. Bb5 Bd7 9. O-O O-O-O 10. Nc3 a6 11. Ba4 Nxe5 12. Bxd7+ Rxd7 13. Be3 Nc6 14. Qf3 f6 15. Rad1 Rxd1 16. Rxd1 Qe6 17. Bf4 Bb4 18. Nd5 Rd8 19. Nxc7 Rxd1+ 20. Qxd1 Qxa2 21. Nd5 Bc5 22. h3 f5 23. b3 Qb2 24. Qh5 Qxc2 25. Qe8+ Nd8 26. Ne7+ Bxe7 27. Qxe7 Qd1+ 28. Kh2 Qd7 29. Qe5 Nc6 30. Qc5 b5 31. Qb6 g5 32. Qxa6+ Qb7 33. Qxb7+ Kxb7 34. Bxg5 b4 35. Kg3 Kb6 36. Kf3 Nd4+ 37. Ke3 Nxb3 38. Kd3 Kb5 39. g4 fxg4 40. hxg4 Nc5+ 41. Kc2 b3+ 42. Kb2 Kc4 43. f3 Nd3+ 44. Kb1 Ne5 45. f4 Nxg4 46. f5 Ne5 47. f6 Nf7 48. Bf4 h5 49. Bg3 Kc3 50. Bh4 Nh6 51. Be1+ Kc4 52. Kb2 Nf7 53. Bh4 Kb4 54. Be1+ Kc4 55. Bh4 Kb4 56. Be1+ Ka4 57. Bh4 Ne5 58. Bg3 Nf7 59. Bh4 Kb4 1/2-1/2


[Site "https://www.chess.com"]

[Event "Titled Tuesday Blitz February 15 Late 2022"]
[White "Sliwicki, Damian"]
[Black "Lin, Dachey"]
[WhiteFideId "1127128"]
[BlackFideId "2029650"]
[WhiteElo "2084"]
[BlackElo "2717"]
[Result "0-1"]
[Round "02"]
[TimeControl "180+1"]
[Date "2022.02.16"]
[WhiteClock "0:00:03"]
[BlackClock "0:01:08"]

1. e4 g6 2. d4 Bg7 3. Nc3 d5 4. exd5 Nf6 5. Bb5+ Nbd7 6. Nf3 O-O 7. h4 Nb6 8. h5 Nxh5 9. Bg5 h6 10. Be3 Nxd5 11. Nxd5 Qxd5 12. Bd3 Bg4 13. Rh4 Nf6 14. Qd2 h5 15. c4 Qe6 16. O-O-O c5 17. d5 Qa6 18. Kb1 e6 19. Bxc5 Rfc8 20. Bd4 exd5 21. cxd5 Qa4 22. Bc2 Rxc2 23. Qxc2 Bf5 24. Rd3 Qb5 25. Ne1 Rc8 26. Bc3 Nxd5 27. a4 Nxc3+ 28. Qxc3 Bxc3 29. axb5 Bxe1 0-1


[Site "https://www.chess.com"]

[Event "Titled Tuesday Blitz February 15 Late 2022"]
[White "Smith, Shreyas"]
[Black "Reprintsev, Alexander"]
[WhiteFideId "7400713"]
[BlackFideId "14100541"]
[WhiteElo "2129"]
[BlackElo "2126"]
[Result "0-1"]
[Round "02"]
[TimeControl "180+1"]
[Date "2022.02.16"]
[WhiteClock "0:00:01"]
[BlackClock "0:00:08"]

1. e4 d5 2. exd5 Qxd5 3. Nf3 Bg4 4. Be2 Nc6 5. c4 Qh5 6. d4 O-O-O 7. Be3 e5 8. d5 e4 9. Nd4 Bxe2 10. Qxe2 Qxe2+ 11. Kxe2 Ne5 12. b3 g6 13. Nc3 Nf6 14. h3 Bb4 15. Rhc1 Nd3 16. Rc2 Bxc3 17. Rxc3 Nh5 18. Rxd3 exd3+ 19. Kxd3 Rhe8 20. g4 Nf6 21. Bg5 Ne4 22. Bxd8 Nxf2+ 23. Kd2 Kxd8 24. Rf1 Ne4+ 25. Kd3 Nc5+ 26. Kd2 Re4 27. Nb5 a6 28. Nc3 Re7 29. Kc2 Ke8 30. b4 Ne4 31. Nxe4 Rxe4 32. Kd3 Re7 33. c5 Re5 34. Kd4 Re2 35. a4 Ke7 36. Rf3 Rd2+ 37. Rd3 Ra2 38. a5 Rb2 39. Kc3 Re2 40. Kd4 Rb2 41. Re3+ Kd7 42. Kc3 Rf2 43. Rd3 f5 44. gxf5 gxf5 45. Rg3 h5 46. Rg7+ Kd8 47. d6 cxd6 48. cxd6 Rf4 49. Kd3 Rxb4 50. Rg5 Rh4 51. Rxf5 Kd7 52. Rg5 Kxd6 53. Rg7 Kc6 54. Rg6+ Kc5 55. Rg7 Kc6 56. Rg6+ Kb5 57. Rg7 Kxa5 58. Rxb7 Rxh3+ 59. Ke4 Rh1 60. Kf3 Ka4 61. Kg2 Rh4 62. Kg3 Rb4 0-1


[Site "https://www.chess.com"]

[Event "Titled Tuesday Blitz February 15 Late 2022"]
[White "Srebrnic, Marko"]
[Black "Rustemov, Alexander"]
[WhiteFideId "14603616"]
[BlackFideId "4119002"]
[WhiteElo "2340"]
[BlackElo "2780"]
[Result "0-1"]
[Round "02"]
[TimeControl "180+1"]
[Date "2022.02.16"]
[WhiteClock "0:00:27"]
[BlackClock "0:00:39"]

1. e4 e6 2. d4 d5 3. Nc3 Bb4 4. e5 c5 5. a3 Bxc3+ 6. bxc3 Ne7 7. Nf3 h6 8. a4 Qc7 9. Bd3 b6 10. O-O Ba6 11. a5 O-O 12. Ba3 Bxd3 13. cxd3 Nd7 14. dxc5 bxc5 15. d4 Rfc8 16. Qd2 Nc6 17. c4 dxc4 18. d5 exd5 19. Qxd5 Ncxe5 20. Nxe5 Nxe5 21. Rfe1 Nd3 22. Re3 Qf4 23. Rf3 Qd4 24. Qxf7+ Kh8 25. Rf1 Rf8 26. Qb7 c3 27. Rxd3 Qxd3 28. Bxc5 c2 29. Be3 Qxe3 30. Qxa8 Rxa8 31. fxe3 Rd8 0-1


[Site "https://www.chess.com"]

[Event "Titled Tuesday Blitz February 15 Late 2022"]
[White "Stoleriu, George"]
[Black "Indjic, Aleksandar"]
[WhiteFideId "1227505"]
[BlackFideId "911925"]
[WhiteElo "2203"]
[BlackElo "2616"]
[Result "0-1"]
[Round "02"]
[TimeControl "180+1"]
[Date "2022.02.15"]
[WhiteClock "0:01:31"]
[BlackClock "0:01:19"]

1. e4 c6 2. Nf3 d5 3. exd5 cxd5 4. Ne5 Nc6 5. d4 e6 6. Bb5 Bd7 7. Nxd7 Qxd7 8. c3 Bd6 9. O-O f5 10. Nd2 Nf6 11. Nf3 O-O 12. Ne5 Qc7 13. f4 a6 14. Bd3 Ne4 15. Be3 b5 16. Qe2 Na5 17. Rfc1 Nc4 18. b3 Nxe5 19. fxe5 Ba3 20. Rc2 Nxc3 21. Qe1 b4 22. Bd2 Qb6 23. Qh4 Rac8 24. Re1 Ne4 25. Be3 Rxc2 26. Bxc2 Bb2 27. Rd1 Rc8 28. Bd3 Bxd4 0-1


[Site "https://www.chess.com"]

[Event "Titled Tuesday Blitz February 15 Late 2022"]
[White "Suder, Jakub"]
[Black "Prohorov, Olexandr"]
[WhiteFideId "1195310"]
[BlackFideId "14105578"]
[WhiteElo "2058"]
[BlackElo "1993"]
[Result "1-0"]
[Round "02"]
[TimeControl "180+1"]
[Date "2022.02.16"]
[WhiteClock "0:00:26"]
[BlackClock "0:00:19"]

1. d4 g6 2. c4 Bg7 3. Nc3 c5 4. d5 Bxc3+ 5. bxc3 f5 6. e4 fxe4 7. f3 e3 8. Bd3 Qa5 9. Qc2 Nf6 10. Bxe3 d6 11. Ne2 Nbd7 12. f4 Nb6 13. O-O Bd7 14. Nc1 Qa4 15. Qe2 O-O-O 16. Nb3 e6 17. dxe6 Bxe6 18. Bxc5 Bg4 19. Qe7 dxc5 20. Qxf6 Rxd3 21. Nxc5 Qc6 22. Qxh8+ Rd8 23. Qe5 Nxc4 24. Qg5 Bf5 25. Nb3 Ne3 26. Rfe1 Nc2 27. Rad1 Qb6+ 28. Nd4 Nxe1 29. Rxe1 Qc5 30. Qg3 Bd7 31. h3 Bc6 32. Kh2 a6 33. Ne6 Qd6 34. Nxd8 Qxd8 35. Qf2 Qd5 36. Re5 Qd3 37. f5 Qd6 38. Qg3 gxf5 39. Re8+ Kd7 40. Rd8+ 1-0


[Site "https://www.chess.com"]

[Event "Titled Tuesday Blitz February 15 Late 2022"]
[White "Szalay, Karoly"]
[Black "Wartiovaara, Oliver"]
[WhiteFideId "2600544"]
[BlackFideId "513024"]
[WhiteElo "2460"]
[BlackElo "1971"]
[Result "1-0"]
[Round "02"]
[TimeControl "180+1"]
[Date "2022.02.16"]
[WhiteClock "0:00:25"]
[BlackClock "0:00:14"]

1. e4 c5 2. Nf3 d6 3. d4 cxd4 4. Nxd4 Nf6 5. Nc3 a6 6. Bg5 e6 7. f3 Be7 8. Qd2 b5 9. O-O-O Bb7 10. h4 Nbd7 11. g4 Rc8 12. Bd3 Qa5 13. Kb1 Ne5 14. Bxf6 gxf6 15. g5 Rxc3 16. bxc3 d5 17. f4 Nc4 18. Bxc4 bxc4 19. e5 fxe5 20. fxe5 Ba3 21. Ka1 Ke7 22. Rb1 Ba8 23. Rhf1 Qc7 24. Qf4 Ke8 25. Qf6 Rf8 26. Rb4 Bxb4 27. cxb4 Qe7 28. c3 Qxf6 29. Rxf6 Rg8 30. Rh6 Rg7 31. Kb2 Kd7 32. a4 Bc6 33. Ka3 Kc7 34. b5 axb5 35. axb5 Bd7 36. Kb4 Kb6 37. Rf6 Be8 38. Rf1 Bd7 39. Ra1 Rg8 40. Ra6+ Kb7 41. Rd6 Rd8 42. Nc6 d4 43. Nxd8+ 1-0


[Site "https://www.chess.com"]

[Event "Titled Tuesday Blitz February 15 Late 2022"]
[White "Szpar, Milosz"]
[Black "Levine, Joseph"]
[WhiteFideId "1184989"]
[BlackFideId "30940346"]
[WhiteElo "2447"]
[BlackElo "1802"]
[Result "0-1"]
[Round "02"]
[TimeControl "180+1"]
[Date "2022.02.16"]
[WhiteClock "0:01:47"]
[BlackClock "0:01:41"]

1. e4 e6 2. f4 d5 3. e5 c5 4. Nf3 Nc6 5. c3 f6 6. d4 cxd4 7. cxd4 fxe5 8. fxe5 Nge7 9. Bd3 Nf5 10. O-O Be7 11. Nc3 O-O 12. Ne2 Bd7 13. Kh1 Rc8 14. a3 h6 15. b4 a6 16. Qd2 Na7 17. a4 Nc6 18. Rb1 Na7 19. Qa2 Qe8 20. Bd2 Bxa4 21. g4 Bb5 22. Bxb5 Qxb5 23. Nc3 Rxc3 24. Bxc3 Ne3 25. Kg1 Nxf1 26. Rxf1 Qd3 0-1


[Site "https://www.chess.com"]

[Event "Titled Tuesday Blitz February 15 Late 2022"]
[White "Tan, Jun Ying"]
[Black "Moral Garcia, Serafin"]
[WhiteFideId "5710413"]
[BlackFideId "2201925"]
[WhiteElo "1827"]
[BlackElo "2228"]
[Result "1-0"]
[Round "02"]
[TimeControl "180+1"]
[Date "2022.02.16"]
[WhiteClock "0:02:08"]
[BlackClock "0:02:07"]

1. d4 Nf6 2. c4 g6 3. Nc3 d5 4. Nf3 Bg7 5. h4 dxc4 6. e4 Bg4 7. Bxc4 Nc6 8. e5 Bxf3 9. gxf3 Nd7 10. Be3 Nb6 11. Bb3 Nb4 12. h5 O-O 13. hxg6 hxg6 14. Qd2 N4d5 15. Bh6 Bh8 16. Nxd5 Nxd5 17. Bxf8 1-0


[Site "https://www.chess.com"]

[Event "Titled Tuesday Blitz February 15 Late 2022"]
[White "Tari, Aryan"]
[Black "Wieczorek, Oskar"]
[WhiteFideId "1510045"]
[BlackFideId "1133950"]
[WhiteElo "2567"]
[BlackElo "2319"]
[Result "1-0"]
[Round "02"]
[TimeControl "180+1"]
[Date "2022.02.15"]
[WhiteClock "0:00:25"]
[BlackClock "0:00:20"]

1. d4 Nf6 2. c4 c5 3. Nf3 cxd4 4. Nxd4 Nc6 5. Nc3 d6 6. e4 g6 7. Be2 Nxd4 8. Qxd4 Bg7 9. Be3 O-O 10. Qd2 a5 11. O-O a4 12. Bd4 Qa5 13. Rad1 Bd7 14. Qe3 Bc6 15. f4 Nd7 16. Bxg7 Kxg7 17. Kh1 Qc5 18. Qg3 Ra5 19. f5 Qe5 20. Qd3 Nf6 21. Bf3 b5 22. Rfe1 bxc4 23. Qxc4 Rc5 24. Qb4 a3 25. Qxa3 Rb8 26. Re2 g5 27. g3 h5 28. Nd5 g4 29. Nxf6 exf6 30. Bg2 d5 31. Qxc5 1-0


[Site "https://www.chess.com"]

[Event "Titled Tuesday Blitz February 15 Late 2022"]
[White "Tasev, Dejan"]
[Black "Haszon, David"]
[WhiteFideId "936618"]
[BlackFideId "733610"]
[WhiteElo "2253"]
[BlackElo "2201"]
[Result "0-1"]
[Round "02"]
[TimeControl "180+1"]
[Date "2022.02.16"]
[WhiteClock "0:00:39"]
[BlackClock "0:01:19"]

1. e4 c5 2. Nf3 d6 3. Nc3 Nf6 4. d4 cxd4 5. Nxd4 a6 6. Bc4 e6 7. Bb3 Be7 8. f3 O-O 9. Be3 b5 10. a3 Qc7 11. Qd2 Nc6 12. g4 Na5 13. g5 Nxb3 14. cxb3 Nh5 15. b4 Bb7 16. O-O-O d5 17. exd5 Bxd5 18. Kb1 Rfd8 19. Qf2 Qb7 20. Rhf1 a5 21. Qh4 g6 22. Nxd5 Rxd5 23. Nc2 axb4 24. Nxb4 Rxd1+ 25. Rxd1 Qxf3 26. Re1 Qf5+ 27. Ka1 Bf8 28. Qd4 Bg7 29. Qd2 Rxa3+ 30. Na2 Ra8 31. Bd4 Qd5 0-1


[Site "https://www.chess.com"]

[Event "Titled Tuesday Blitz February 15 Late 2022"]
[White "Terletsky, Oleg"]
[Black "Al-Tarboush, Ward"]
[WhiteFideId "14116774"]
[BlackFideId "7601450"]
[WhiteElo "2050"]
[BlackElo "2276"]
[Result "0-1"]
[Round "02"]
[TimeControl "180+1"]
[Date "2022.02.16"]
[WhiteClock "0:00:02"]
[BlackClock "0:01:25"]

1. e4 e6 2. d4 d5 3. Nd2 c5 4. Ngf3 cxd4 5. exd5 Qxd5 6. Bc4 Qd6 7. O-O Nf6 8. Nb3 Nc6 9. Nbxd4 Nxd4 10. Nxd4 Be7 11. c3 O-O 12. Qf3 Qc7 13. Bd3 a6 14. Bf4 e5 15. Bg3 Bg4 16. Qe3 exd4 17. Qxd4 Qa5 18. Rae1 Bc5 19. Qf4 Qxa2 20. Bh4 Bh5 21. Bxf6 gxf6 22. Qxf6 Bg6 23. Be4 Rae8 24. Bxb7 Qxb2 25. Rxe8 Rxe8 26. Bd5 Qb6 27. Qf3 Kg7 28. h4 Qf6 29. Qg4 h5 30. Qg3 Bd6 31. Qh3 Qf5 0-1


[Site "https://www.chess.com"]

[Event "Titled Tuesday Blitz February 15 Late 2022"]
[White "Titichoca Daza, Daniel"]
[Black "Josse, Mark"]
[WhiteFideId "3309550"]
[BlackFideId "414476"]
[WhiteElo "1968"]
[BlackElo "2261"]
[Result "1-0"]
[Round "02"]
[TimeControl "180+1"]
[Date "2022.02.16"]
[WhiteClock "0:00:56"]
[BlackClock "0:00:49"]

1. e4 e6 2. b3 d5 3. Bb2 dxe4 4. Nc3 f5 5. Qe2 Nf6 6. O-O-O Bd6 7. h3 Nc6 8. d3 exd3 9. Rxd3 Qe7 10. g4 O-O 11. Nf3 b6 12. Nh4 Ba6 13. gxf5 Bxd3 14. Qxd3 Ne5 15. Qe2 exf5 16. Nxf5 Qd7 17. Nxd6 Qxd6 18. Bg2 Rae8 19. Rd1 Qc5 20. Nd5 Nxd5 21. Bxd5+ Kh8 22. Bxe5 Rxf2 23. Qc4 Qxc4 24. Bxc4 h6 25. Bd4 Rh2 26. Rf1 c5 27. Bc3 Rxh3 28. Bb2 Rg3 29. a4 h5 30. Kb1 Kh7 31. Bd3+ g6 32. Rf7+ Kh6 33. Bc1+ g5 34. Rh7# 1-0


[Site "https://www.chess.com"]

[Event "Titled Tuesday Blitz February 15 Late 2022"]
[White "Tomiello, Mateus Costamilan"]
[Black "Kollars, Dmitrij"]
[WhiteFideId "22701958"]
[BlackFideId "12909572"]
[WhiteElo "1975"]
[BlackElo "2584"]
[Result "0-1"]
[Round "02"]
[TimeControl "180+1"]
[Date "2022.02.16"]
[WhiteClock "0:00:07"]
[BlackClock "0:01:35"]

1. e4 c5 2. Nf3 d6 3. d4 cxd4 4. Nxd4 Nf6 5. Nc3 Nc6 6. Bg5 e6 7. Qd2 a6 8. O-O-O Bd7 9. f4 h6 10. Bxf6 Qxf6 11. Nf3 Qd8 12. Bd3 Be7 13. Kb1 g5 14. f5 Qc7 15. Rhf1 O-O-O 16. h3 Kb8 17. Ne2 Bc8 18. Ned4 Nxd4 19. Nxd4 Bf6 20. c3 Be5 21. fxe6 fxe6 22. Nf3 Bf4 23. Qf2 Rhf8 24. g3 Be5 25. Qg2 Bg7 26. h4 Qe7 27. hxg5 hxg5 28. Nd4 Be5 29. Nf3 Bh8 30. e5 g4 31. exd6 Rxd6 32. Nh2 Rxf1 33. Qxf1 e5 34. Be4 Rxd1+ 35. Qxd1 Qc5 36. Nxg4 Qc4 37. Qf3 Bg7 38. Ne3 Qc5 39. Nf5 Bf8 40. g4 Qb6 41. Qg3 Ba3 42. Qxe5+ Ka8 43. Qh2 Qb5 44. Qd2 Bc5 45. Ne3 Qe8 46. Qd3 Ka7 47. Nd5 Qe5 48. b4 Bg1 49. Kc2 Bxg4 50. Qc4 Qh2+ 51. Kb3 Bd1+ 52. Ka3 Qd2 53. Nc7 Qc1# 0-1


[Site "https://www.chess.com"]

[Event "Titled Tuesday Blitz February 15 Late 2022"]
[White "Toncheva, Nadya"]
[Black "Ramirez, Alejandro"]
[WhiteFideId "2924056"]
[BlackFideId "6500617"]
[WhiteElo "1920"]
[BlackElo "2694"]
[Result "0-1"]
[Round "02"]
[TimeControl "180+1"]
[Date "2022.02.16"]
[WhiteClock "0:00:04"]
[BlackClock "0:01:08"]

1. e4 c5 2. Nf3 e6 3. d4 cxd4 4. Nxd4 Nc6 5. Nc3 Qc7 6. f4 a6 7. Nxc6 bxc6 8. Bd3 d5 9. O-O Nf6 10. Qf3 Be7 11. Bd2 O-O 12. Rae1 Bb7 13. Qh3 g6 14. b3 c5 15. e5 Nd7 16. Rf3 c4 17. bxc4 dxc4 18. Be4 Rfd8 19. Rg3 Nf8 20. Be3 Bb4 21. Bxb7 Bxc3 22. Rf1 Qxb7 23. f5 exf5 24. Qxf5 Bd4 25. Bxd4 Rxd4 26. Qf6 Re8 27. e6 Nxe6 28. h4 Qa7 29. Kh1 Qe7 0-1


[Site "https://www.chess.com"]

[Event "Titled Tuesday Blitz February 15 Late 2022"]
[White "Urbina Quiroz, Edwin"]
[Black "Klukin, Kirill"]
[WhiteFideId "6500650"]
[BlackFideId "24199273"]
[WhiteElo "2130"]
[BlackElo "2324"]
[Result "0-1"]
[Round "02"]
[TimeControl "180+1"]
[Date "2022.02.16"]
[WhiteClock "0:00:01"]
[BlackClock "0:02:15"]

1. e4 c5 2. Nf3 Nc6 3. d4 cxd4 4. Nxd4 d6 5. Nc3 Nf6 6. Bc4 e6 7. Bb3 Be7 8. f4 Bd7 9. Be3 Na5 10. Qf3 Nxb3 11. Nxb3 Bc6 12. Nd4 O-O 13. Nxc6 bxc6 14. O-O d5 15. e5 Nd7 16. Rad1 Rb8 17. b3 Qa5 18. Na4 Nc5 19. Nxc5 Bxc5 20. Bxc5 Qxc5+ 21. Qf2 Qxf2+ 22. Rxf2 Rb4 23. g3 a5 24. Rfd2 c5 25. h4 h5 26. Kf2 Rfb8 27. Kf3 a4 28. Rd3 c4 29. bxc4 Rxc4 30. R1d2 Rb2 31. Ra3 Kh7 32. Ke3 Re4+ 33. Kf3 Rb1 34. Rf2 Rg1 35. Rg2 Rge1 36. Rf2 Rc4 0-1


[Site "https://www.chess.com"]

[Event "Titled Tuesday Blitz February 15 Late 2022"]
[White "Vargas Pereda, Jesus Manue"]
[Black "Moiseenko, Alexander"]
[WhiteFideId "5115710"]
[BlackFideId "14102560"]
[WhiteElo "1769"]
[BlackElo "2577"]
[Result "0-1"]
[Round "02"]
[TimeControl "180+1"]
[Date "2022.02.16"]
[WhiteClock "0:00:16"]
[BlackClock "0:00:50"]

1. d4 Nf6 2. Bf4 d5 3. Nf3 c5 4. e3 Nc6 5. c3 Nh5 6. Be5 f6 7. Nfd2 fxe5 8. Qxh5+ g6 9. Qf3 exd4 10. exd4 cxd4 11. Bb5 Bg7 12. O-O Bf5 13. cxd4 O-O 14. Nc3 Nxd4 15. Qg3 Rc8 16. Bd3 e5 17. Bxf5 Rxf5 18. Rfe1 Nc2 19. Nf3 Nxa1 20. Rxa1 e4 21. Nh4 Rh5 22. Nxg6 hxg6 23. Qxg6 Qe8 0-1


[Site "https://www.chess.com"]

[Event "Titled Tuesday Blitz February 15 Late 2022"]
[White "Vovk, Orest"]
[Black "Xie, Bryan"]
[WhiteFideId "14113490"]
[BlackFideId "30941296"]
[WhiteElo "2203"]
[BlackElo "1899"]
[Result "1-0"]
[Round "02"]
[TimeControl "180+1"]
[Date "2022.02.16"]
[WhiteClock "0:01:28"]
[BlackClock "0:00:15"]

1. h4 h5 2. d4 d5 3. Nf3 Nf6 4. Bg5 Ne4 5. Bf4 Nd7 6. Nbd2 Ndf6 7. e3 c6 8. Ng5 Bf5 9. Ndxe4 Nxe4 10. Nxe4 Bxe4 11. f3 Bf5 12. Bd3 e6 13. Bxf5 exf5 14. Qd3 g6 15. O-O-O Qe7 16. Rhe1 O-O-O 17. e4 fxe4 18. fxe4 Qxh4 19. g3 Qg4 20. exd5 Rxd5 21. Re8+ Rd8 22. Rxd8+ Kxd8 23. d5 c5 24. Qb5 Qd7 25. Qa5+ b6 26. Qc3 Rh7 27. Qe5 f5 28. Qb8+ Qc8 29. Bg5+ Be7 30. Qd6+ Qd7 31. Qxg6 Bxg5+ 32. Qxg5+ Kc8 33. Qg8+ Kb7 34. d6 Rf7 35. Qg5 Rg7 36. Qf4 Rg4 37. Qf3+ Qc6 38. Qxc6+ Kxc6 39. d7 Rg8 40. d8=Q Rxd8 41. Rxd8 f4 42. gxf4 h4 43. Rh8 h3 44. Rxh3 Kd5 45. Rh7 Ke4 46. Rxa7 Kxf4 47. Rb7 Ke4 48. Rxb6 Kd5 49. a4 Kc4 50. a5 Kd4 51. a6 c4 52. a7 Kc5 53. Rb8 c3 54. bxc3 Kc4 55. a8=Q Kc5 56. Rb4 Kd6 57. Qa5 Kc6 58. Rb6+ Kc7 59. Qa7+ Kc8 60. Rb8# 1-0


[Site "https://www.chess.com"]

[Event "Titled Tuesday Blitz February 15 Late 2022"]
[White "Vusatiuk, Vladimir"]
[Black "De Arruda, Leandro Formes"]
[WhiteFideId "14118610"]
[BlackFideId "22722009"]
[WhiteElo "2157"]
[BlackElo "1780"]
[Result "1-0"]
[Round "02"]
[TimeControl "180+1"]
[Date "2022.02.16"]
[WhiteClock "0:00:08"]
[BlackClock "0:00:06"]

1. Nf3 g6 2. h4 Bg7 3. h5 d6 4. d4 Nd7 5. h6 Bf6 6. g4 e6 7. e4 b6 8. Bd3 Bb7 9. a4 c5 10. c3 cxd4 11. cxd4 Be7 12. a5 bxa5 13. g5 d5 14. Nc3 Bb4 15. Bb5 dxe4 16. Ne5 Bc8 17. Qe2 Ne7 18. Qxe4 Nd5 19. Bd2 O-O 20. Nxd5 Bxd2+ 21. Kxd2 exd5 22. Qf4 Nxe5 23. dxe5 Bf5 24. Qd4 Qb6 25. Qxb6 axb6 26. Rhc1 Rac8 27. Ke3 Be6 28. Kd4 Rfd8 29. f4 Kf8 30. Rc6 Rxc6 31. Bxc6 Ke7 32. Rc1 Rc8 33. Rc3 Rd8 34. b3 Rb8 35. Bb5 Rb7 36. Rc6 Kd8 37. Rd6+ Ke7 38. Bc6 Rc7 39. Bxd5 Bxd5 40. Kxd5 Rc1 41. Rxb6 Rd1+ 42. Ke4 Rb1 43. Rb7+ Ke6 44. Rb6+ Ke7 45. f5 Re1+ 46. Kd5 gxf5 47. Rb7+ Ke8 48. Rb8+ Ke7 49. Rb7+ Ke8 50. Ra7 Rd1+ 51. Kc6 Rb1 52. e6 Rc1+ 53. Kd6 Rd1+ 54. Ke5 Re1+ 55. Kxf5 Rxe6 56. Ra8+ Ke7 57. Ra7+ Ke8 58. Rxa5 Rb6 59. Re5+ Kf8 60. Re3 Rc6 61. Rg3 Rb6 62. Ke5 Ke7 63. Kd5 Rb5+ 64. Kc6 Rb8 65. Kc5 Ke6 66. b4 Kf5 67. b5 Rb7 68. Kc6 Rb8 69. b6 Re8 70. b7 Re6+ 71. Kc7 Re7+ 72. Kc8 Rxb7 73. Kxb7 Kg6 74. Kc6 Kf5 75. Kd5 Kf4 76. Rg1 Kf5 77. Kd4 Kg6 78. Ke5 Kh5 79. Kf5 Kh4 80. Kf6 1-0


[Site "https://www.chess.com"]

[Event "Titled Tuesday Blitz February 15 Late 2022"]
[White "Wagner, Dennis"]
[Black "Loay, Sameer"]
[WhiteFideId "24650684"]
[BlackFideId "8104239"]
[WhiteElo "2355"]
[BlackElo "2040"]
[Result "1-0"]
[Round "02"]
[TimeControl "180+1"]
[Date "2022.02.16"]
[WhiteClock "0:00:13"]
[BlackClock "0:00:16"]

1. c4 Nf6 2. Nf3 g6 3. Nc3 Bg7 4. d4 O-O 5. e4 d6 6. Be2 Na6 7. O-O e5 8. Be3 Ng4 9. Bg5 Qe8 10. h3 f6 11. Bh4 Nh6 12. c5 Nb8 13. Nb5 Qe7 14. cxd6 cxd6 15. Bc4+ Kh8 16. Rc1 Nc6 17. Re1 a6 18. Nc3 b5 19. Nd5 Qd8 20. Bb3 Bb7 21. Qd2 Ng8 22. Red1 Bh6 23. Ne3 Qe8 24. d5 Nd8 25. Rc7 Rf7 26. Qc2 a5 27. a4 Bxe3 28. fxe3 b4 29. Nd2 Ba6 30. Kh2 g5 31. Bg3 h5 32. Rxf7 Qxf7 33. Rc1 Rc8 34. Qd1 Ne7 35. Rxc8 Nxc8 36. Bc4 Bb7 37. Bb5 h4 38. Be1 Kg7 39. Nc4 Qc7 40. b3 Na7 41. Qh5 Nxb5 42. axb5 Bc8 43. Qe8 Bd7 44. Qe7+ Nf7 45. b6 Qb7 46. Qxf7+ Kxf7 47. Nxd6+ Ke7 48. Nxb7 a4 49. Bxb4+ Ke8 50. bxa4 Bxa4 51. Nc5 Kd8 52. Nxa4 1-0


[Site "https://www.chess.com"]

[Event "Titled Tuesday Blitz February 15 Late 2022"]
[White "Weetik, Vjacheslav"]
[Black "Bortnyk, Olexandr"]
[WhiteFideId "4153472"]
[BlackFideId "14120828"]
[WhiteElo "2469"]
[BlackElo "2723"]
[Result "0-1"]
[Round "02"]
[TimeControl "180+1"]
[Date "2022.02.15"]
[WhiteClock "0:00:06"]
[BlackClock "0:00:06"]

1. d4 f5 2. g3 Nf6 3. Bg2 d6 4. Nf3 g6 5. c3 c6 6. Qb3 Bg7 7. O-O Na6 8. Nbd2 Nc7 9. Re1 d5 10. Ne5 O-O 11. Ndf3 Ne4 12. a4 a5 13. Qc2 Ne6 14. b3 f4 15. Bh3 Nxd4 16. cxd4 fxg3 17. hxg3 Bxh3 18. Be3 Qd6 19. Kh2 Bf5 20. Qc1 Qb4 21. Kg2 Qc3 22. Qa3 Qb4 23. Qb2 Nf6 24. Rh1 Be4 25. Qc1 h5 26. Bh6 Qd6 27. Rh4 Rac8 28. Kg1 c5 29. Bxg7 Kxg7 30. Qb2 cxd4 31. Qxd4 Qc5 32. Qd2 b6 33. Qg5 Nh7 34. Qd2 Qc3 35. Rd1 Qxd2 36. Rxd2 Rc1+ 37. Kh2 Ng5 38. g4 Bxf3 39. exf3 Rxf3 40. gxh5 Rf5 41. f4 Rxe5 42. h6+ Kh7 43. fxg5 Rxg5 44. Rf2 Rf5 45. Rxf5 gxf5 46. Rh5 e6 47. Kg3 d4 48. Kf4 d3 49. Ke3 Rc3 50. Kd2 Rxb3 51. Rh3 e5 52. Rh5 e4 53. Rxf5 Kxh6 54. Re5 Rb4 55. Re6+ Kg5 56. Ke3 Kf5 57. Re8 Rxa4 58. Rf8+ Ke6 59. Rb8 Rb4 0-1


[Site "https://www.chess.com"]

[Event "Titled Tuesday Blitz February 15 Late 2022"]
[White "Wu, Christopher"]
[Black "Van Foreest, Jorden"]
[WhiteFideId "2040875"]
[BlackFideId "1039784"]
[WhiteElo "2667"]
[BlackElo "2609"]
[Result "0-1"]
[Round "02"]
[TimeControl "180+1"]
[Date "2022.02.15"]
[WhiteClock "0:01:32"]
[BlackClock "0:01:47"]

1. d4 Nf6 2. c4 b6 3. Nc3 Bb7 4. Bf4 e6 5. e3 Bb4 6. Nf3 O-O 7. Bd3 d6 8. O-O Bxc3 9. bxc3 Nbd7 10. a4 Re8 11. a5 e5 12. axb6 exf4 13. bxa7 fxe3 14. fxe3 Rxe3 15. Qd2 Re8 16. Bc2 Be4 17. Ng5 Bxc2 18. Qxc2 h6 19. Nf3 Nb6 20. Qd3 Nc8 21. d5 Rxa7 22. Rxa7 Nxa7 23. Nd4 Nc8 24. Qg3 Ne4 25. Qg4 Qg5 26. Qf3 Nf6 27. Kh1 Nb6 28. Nf5 Nxc4 29. h4 Qg6 30. Qd3 Ne3 0-1


[Site "https://www.chess.com"]

[Event "Titled Tuesday Blitz February 15 Late 2022"]
[White "Yang, Kaiqi"]
[Black "Ozdemir, Serhan Berat"]
[WhiteFideId "8604398"]
[BlackFideId "6374611"]
[WhiteElo "2373"]
[BlackElo "1920"]
[Result "0-1"]
[Round "02"]
[TimeControl "180+1"]
[Date "2022.02.16"]
[WhiteClock "0:00:02"]
[BlackClock "0:00:05"]

1. c4 Nf6 2. Nc3 g6 3. e4 d6 4. d4 Bg7 5. Be2 O-O 6. Bg5 c5 7. d5 e6 8. Qd2 exd5 9. exd5 a6 10. a4 Nbd7 11. Nf3 Re8 12. O-O Qc7 13. h3 Ne4 14. Nxe4 Rxe4 15. Bd3 Re8 16. Rfe1 Ne5 17. Nxe5 Rxe5 18. Bh6 Bxh6 19. Qxh6 Qe7 20. Qd2 Bd7 21. Rxe5 Qxe5 22. Re1 Qd4 23. b3 b5 24. axb5 axb5 25. Qe3 Qxe3 26. Rxe3 bxc4 27. Bxc4 Kf8 28. h4 h5 29. Kh2 Rb8 30. Kg3 Rb4 31. Kf4 Bb5 32. Rc3 Bxc4 33. bxc4 Kg7 34. f3 Rb1 35. g3 Kf6 36. Rc2 Rd1 37. Rc3 Rd4+ 38. Ke3 Ke5 39. Rc1 f6 40. Rc2 g5 41. hxg5 fxg5 42. Re2 Kf5 43. Rc2 h4 44. gxh4 gxh4 45. Rc1 Kg5 46. Rg1+ Kf5 47. Rc1 h3 48. Rh1 Rh4 49. Rh2 Rxc4 50. Rxh3 Rc3+ 51. Ke2 Ke5 52. Rh5+ Kd4 53. Rf5 Rc2+ 54. Kd1 Rf2 55. Ke1 Rh2 56. Kd1 c4 57. Rf4+ Kd3 58. Kc1 c3 59. Kb1 Rh1+ 60. Ka2 c2 0-1


[Site "https://www.chess.com"]